TOP OF THE 1ST |
Nuevo Mexico Mariachis batting - Pitching for Arizona Javelina : RHP Quentin Gamble
|
Pitching: RHP Quentin Gamble
|
|
Batting: SHB Monty Crawford
|
0-0: Ball 1-0: Called Strike 1-1: Foul Ball, location: 2F 1-2: Strikes out swinging
|
Batting: LHB Nick Allen
|
0-0: Foul Ball, location: 2F 0-1: Ball 1-1: DOUBLE (Line Drive, 7LS, EV 94.4 MPH)
|
Batting: SHB Rubén Cervantes
|
0-0: Called Strike 0-1: Ball 1-1: Ground out U3 (Groundball, 3, EV 91.2 MPH) Nick Allen to third
|
Batting: RHB Clifton Roberson
|
0-0: Ball 1-0: Ball 2-0: Swinging Strike 2-1: Foul Ball, location: 2F 2-2: Ball 3-2: Foul Ball, location: 2F 3-2: Foul Ball, location: 2F 3-2: Base on Balls
|
Batting: SHB Dan Edwards
|
0-0: Foul Ball, location: 2F 0-1: Foul Ball, location: 2F 0-2: Ball 1-2: Foul Ball, location: 2F 1-2: Strikes out swinging
|
Top of the 1st over - 0 runs, 1 hit, 0 errors, 2 left on base; Nuevo Mexico 0 - Arizona 0 |
BOTTOM OF THE 1ST |
Arizona Javelina batting - Pitching for Nuevo Mexico Mariachis : RHP Eric Riley
|
Pitching: RHP Eric Riley
|
|
Batting: RHB Tim Anderson
|
0-0: Ball 1-0: Swinging Strike 1-1: Ball 2-1: Called Strike 2-2: Strikes out swinging
|
Batting: RHB Spencer Fisher
|
0-0: Called Strike 0-1: Bunt for hit to 15 - play at first, batter OUT! 1-3
|
Batting: SHB Waylon Meade
|
0-0: Foul Ball, location: 2F 0-1: Ball 1-1: Ball 2-1: Foul Ball, location: 2F 2-2: Ball 3-2: Foul Ball, location: 2F 3-2: SINGLE (Groundball, 34D, EV 99.4 MPH)
|
Batting: LHB Alexander Mullins
|
0-0: Ball 1-0: Foul Ball, location: 2F 1-1: Called Strike 1-2: Ball 2-2: Strikes out swinging
|
Bottom of the 1st over - 0 runs, 1 hit, 0 errors, 1 left on base; Nuevo Mexico 0 - Arizona 0 |
TOP OF THE 2ND |
Nuevo Mexico Mariachis batting - Pitching for Arizona Javelina : RHP Quentin Gamble
|
Batting: SHB Germán Salazar
|
0-0: Fly out, F5 (Popup, 5SF, EV 75.0 MPH)
|
Batting: RHB Bryan Jacobs
|
0-0: Fly out, F7 (Line Drive, 78M, EV 88.1 MPH)
|
Batting: LHB Elton Archer
|
0-0: Foul Ball, location: 2F 0-1: Ball 1-1: Foul Ball, location: 2F 1-2: Ground out 4-3 (Groundball, 13, EV 92.5 MPH)
|
Top of the 2nd over - 0 runs, 0 hits, 0 errors, 0 left on base; Nuevo Mexico 0 - Arizona 0 |
BOTTOM OF THE 2ND |
Arizona Javelina batting - Pitching for Nuevo Mexico Mariachis : RHP Eric Riley
|
Batting: LHB Francisco Rodríguez
|
0-0: Ball 1-0: Called Strike 1-1: Foul Ball, location: 2F 1-2: Strikes out swinging
|
Batting: RHB Ed Henderson
|
0-0: Reached on error, E5 (Groundball, 56S, EV 91.2 MPH)
|
Batting: LHB Eugene Burris
|
0-0: Called Strike 0-1: Ball 1-1: Foul Ball, location: 2F 1-2: DOUBLE (Line Drive, 8LXD, EV 112.5 MPH) Ed Henderson to third
|
Batting: RHB Ramón Lemus
|
0-0: Ball 1-0: Foul Ball, location: 2F 1-1: Fly out, F9 (Flyball, 9, EV 88.8 MPH)
|
Batting: RHB Chris Stevenson
|
0-0: Hit by Pitch
|
Batting: RHB Tim Anderson
|
0-0: Called Strike 0-1: Called Strike 0-2: Fielders Choice at 2nd, 6-4 (Groundball, 6, EV 82.5 MPH)
|
Bottom of the 2nd over - 0 runs, 1 hit, 1 error, 3 left on base; Nuevo Mexico 0 - Arizona 0 |
TOP OF THE 3RD |
Nuevo Mexico Mariachis batting - Pitching for Arizona Javelina : RHP Quentin Gamble
|
Batting: SHB Carlos Paz
|
0-0: Called Strike 0-1: Foul Ball, location: 2F 0-2: Ball 1-2: Strikes out swinging
|
Batting: SHB Monty Crawford
|
0-0: Foul Ball, location: 2F 0-1: Swinging Strike 0-2: Ball 1-2: Strikes out swinging
|
Batting: LHB Nick Allen
|
0-0: Ball 1-0: Called Strike 1-1: SOLO HOME RUN (Flyball, 89XD, EV 102.5 MPH), Distance : 438 ft
|
Batting: SHB Rubén Cervantes
|
0-0: Ball 1-0: Called Strike 1-1: Ball 2-1: Ball 3-1: Foul Ball, location: 2F 3-2: DOUBLE (Line Drive, 78XD, EV 105.0 MPH)
|
Batting: RHB Clifton Roberson
|
0-0: Ball 1-0: Ball 2-0: Ball 3-0: Foul Ball, location: 2F 3-1: Base on Balls
|
Batting: SHB Dan Edwards
|
0-0: Fly out, F8 (Flyball, 78S, EV 91.9 MPH)
|
Top of the 3rd over - 1 run, 2 hits, 0 errors, 2 left on base; Nuevo Mexico 1 - Arizona 0 |
BOTTOM OF THE 3RD |
Arizona Javelina batting - Pitching for Nuevo Mexico Mariachis : RHP Eric Riley
|
Batting: RHB Spencer Fisher
|
0-0: Foul Ball, location: 2F 0-1: Ball 1-1: Ball 2-1: Swinging Strike 2-2: Strikes out swinging
|
Batting: SHB Waylon Meade
|
0-0: Called Strike 0-1: Called Strike 0-2: Ball 1-2: Ball 2-2: Strikes out swinging
|
Batting: LHB Alexander Mullins
|
0-0: Called Strike 0-1: Fly out, F7 (Flyball, 7LSF, EV 85.0 MPH)
|
Bottom of the 3rd over - 0 runs, 0 hits, 0 errors, 0 left on base; Nuevo Mexico 1 - Arizona 0 |
TOP OF THE 4TH |
Nuevo Mexico Mariachis batting - Pitching for Arizona Javelina : RHP Quentin Gamble
|
Batting: SHB Germán Salazar
|
0-0: Ball 1-0: Ball 2-0: Ball 3-0: Called Strike 3-1: Base on Balls
|
Batting: RHB Bryan Jacobs
|
0-0: Grounds into double play, 4-6-3 (Groundball, 4M, EV 107.5 MPH)
|
Batting: LHB Elton Archer
|
0-0: Ball 1-0: SINGLE (Line Drive, 89M, EV 101.2 MPH)
|
Batting: SHB Carlos Paz
|
0-0: Ball 1-0: Ball 2-0: Called Strike 2-1: Fly out, F6 (Popup, 6S, EV 73.1 MPH)
|
Top of the 4th over - 0 runs, 1 hit, 0 errors, 1 left on base; Nuevo Mexico 1 - Arizona 0 |
BOTTOM OF THE 4TH |
Arizona Javelina batting - Pitching for Nuevo Mexico Mariachis : RHP Eric Riley
|
Batting: LHB Francisco Rodríguez
|
0-0: Called Strike 0-1: Foul Ball, location: 2F 0-2: Ball 1-2: Strikes out swinging
|
Batting: RHB Ed Henderson
|
0-0: Foul Ball, location: 2F 0-1: Ball 1-1: Swinging Strike 1-2: Foul Ball, location: 2F 1-2: Ball 2-2: SINGLE (Groundball, 34D, EV 97.5 MPH)
|
Batting: LHB Eugene Burris
|
0-0: Ball 1-0: Ball 2-0: Ball 3-0: Called Strike 3-1: Base on Balls Ed Henderson to second
|
Batting: RHB Ramón Lemus
|
0-0: Called Strike 0-1: SINGLE (Groundball, 34D, EV 104.4 MPH) Ed Henderson to third Eugene Burris to second Runner from 3rd tries for Home, SAFE, throw by RF to home
|
Batting: RHB Chris Stevenson
|
0-0: Ball 1-0: Swinging Strike 1-1: Called Strike 1-2: Fly out, F9 (Flyball, 89M, EV 80.6 MPH)
|
Batting: RHB Tim Anderson
|
0-0: Foul Ball, location: 2F 0-1: Ball 1-1: Foul Ball, location: 2F 1-2: SINGLE (Line Drive, 4MD, EV 97.5 MPH) Eugene Burris to third Ramón Lemus to second
|
Batting: RHB Spencer Fisher
|
0-0: Fly out, F7 (Line Drive, 7, EV 108.8 MPH)
|
Bottom of the 4th over - 1 run, 3 hits, 0 errors, 3 left on base; Nuevo Mexico 1 - Arizona 1 |
TOP OF THE 5TH |
Nuevo Mexico Mariachis batting - Pitching for Arizona Javelina : RHP Quentin Gamble
|
Batting: SHB Monty Crawford
|
0-0: Ball 1-0: Ground out 5-3 (Groundball, 5, EV 110.0 MPH)
|
Batting: LHB Nick Allen
|
0-0: Fly out, F8 (Flyball, 8RS, EV 71.9 MPH)
|
Batting: SHB Rubén Cervantes
|
0-0: Ball 1-0: Called Strike 1-1: Ball 2-1: Foul Ball, location: 2F 2-2: SINGLE (Line Drive, 5D, EV 102.5 MPH)
|
Batting: RHB Clifton Roberson
|
0-0: DOUBLE (Line Drive, 78D, EV 97.5 MPH) Rubén Cervantes to third
|
Batting: SHB Dan Edwards
|
0-0: Ball Wild Pitch! Rubén Cervantes scores Clifton Roberson to third 1-0: Called Strike 1-1: Foul Ball, location: 2F 1-2: Ball 2-2: Ball 3-2: Base on Balls
|
Batting: SHB Germán Salazar
|
0-0: Called Strike 0-1: Swinging Strike 0-2: Ground out 1-3 (Groundball, 13, EV 66.2 MPH)
|
Top of the 5th over - 1 run, 2 hits, 0 errors, 2 left on base; Nuevo Mexico 2 - Arizona 1 |
BOTTOM OF THE 5TH |
Arizona Javelina batting - Pitching for Nuevo Mexico Mariachis : RHP Eric Riley
|
Batting: SHB Waylon Meade
|
0-0: Ball 1-0: Ball 2-0: Called Strike 2-1: Ball 3-1: Fly out, F6 (Popup, 6M, EV 63.8 MPH)
|
Batting: LHB Alexander Mullins
|
0-0: Ball 1-0: Foul Ball, location: 2F 1-1: Ball 2-1: Ball 3-1: Base on Balls
|
Batting: LHB Francisco Rodríguez
|
0-0: Ball 1-0: SINGLE (Line Drive, 6M, EV 96.9 MPH) Alexander Mullins to second
|
Batting: RHB Ed Henderson
|
0-0: Called Strike 0-1: Fly out, F8 (Flyball, 8RD, EV 90.6 MPH)
|
Batting: LHB Eugene Burris
|
0-0: Called Strike 0-1: Ball 1-1: Ball 2-1: Swinging Strike 2-2: Strikes out swinging
|
Bottom of the 5th over - 0 runs, 1 hit, 0 errors, 2 left on base; Nuevo Mexico 2 - Arizona 1 |
TOP OF THE 6TH |
Nuevo Mexico Mariachis batting - Pitching for Arizona Javelina : RHP Quentin Gamble
|
Batting: RHB Bryan Jacobs
|
0-0: Foul Ball, location: 2F 0-1: Ball 1-1: Ball 2-1: Foul Ball, location: 2F 2-2: Ball 3-2: Strikes out swinging
|
Batting: LHB Elton Archer
|
0-0: Called Strike 0-1: Swinging Strike 0-2: Strikes out swinging
|
Batting: SHB Carlos Paz
|
0-0: DOUBLE (Flyball, 7LD, EV 99.4 MPH)
|
Batting: SHB Monty Crawford
|
0-0: Called Strike 0-1: Fly out, F9 (Flyball, 89M, EV 88.8 MPH)
|
Top of the 6th over - 0 runs, 1 hit, 0 errors, 1 left on base; Nuevo Mexico 2 - Arizona 1 |
BOTTOM OF THE 6TH |
Arizona Javelina batting - Pitching for Nuevo Mexico Mariachis : RHP Eric Riley
|
Batting: RHB Ramón Lemus
|
0-0: Ball 1-0: SINGLE (Groundball, 56D, EV 100.6 MPH)
|
Batting: RHB Chris Stevenson
|
0-0: Ball 1-0: Ball 2-0: Called Strike 2-1: Swinging Strike 2-2: Fly out, F7 (Flyball, 78M, EV 90.0 MPH)
|
Batting: RHB Tim Anderson
|
0-0: Ball 1-0: SINGLE (Groundball, 56D, EV 102.5 MPH) Ramón Lemus to second
|
Pitching: RHP Cameron Davies
|
|
Batting: RHB Spencer Fisher
|
0-0: Foul Ball, location: 2F 0-1: Ball Passed Ball! Ramón Lemus to third Tim Anderson to second 1-1: Foul Ball, location: 2F 1-2: Foul Ball, location: 2F 1-2: Ball 2-2: Fly out, F7 (Flyball, 78M, EV 78.1 MPH) Runner from 3rd tags up, SCORES, throw by LF
|
Batting: SHB Waylon Meade
|
0-0: Ball 1-0: Fly out, F8 (Line Drive, 78M, EV 105.6 MPH)
|
Bottom of the 6th over - 1 run, 2 hits, 0 errors, 1 left on base; Nuevo Mexico 2 - Arizona 2 |
TOP OF THE 7TH |
Nuevo Mexico Mariachis batting - Pitching for Arizona Javelina : RHP Quentin Gamble
|
Batting: LHB Nick Allen
|
0-0: Foul Ball, location: 2F 0-1: Swinging Strike 0-2: Foul Ball, location: 2F 0-2: Strikes out swinging
|
Batting: SHB Rubén Cervantes
|
0-0: Ball 1-0: Foul Ball, location: 2F 1-1: Ball 2-1: SINGLE (Groundball, 34D, EV 98.1 MPH)
|
Batting: RHB Clifton Roberson
|
0-0: Ball 1-0: Swinging Strike 1-1: Swinging Strike 1-2: Strikes out looking
|
Batting: SHB Dan Edwards
|
0-0: Foul Ball, location: 2F 0-1: Swinging Strike 0-2: Ball 1-2: Foul Ball, location: 2F 1-2: Foul Ball, location: 2F 1-2: Ball 2-2: Fly out, F8 (Flyball, 89D, EV 87.5 MPH)
|
Top of the 7th over - 0 runs, 1 hit, 0 errors, 1 left on base; Nuevo Mexico 2 - Arizona 2 |
BOTTOM OF THE 7TH |
Arizona Javelina batting - Pitching for Nuevo Mexico Mariachis : RHP Cameron Davies
|
Batting: LHB Alexander Mullins
|
0-0: Ball 1-0: Called Strike 1-1: Ball 2-1: Ball 3-1: SINGLE (Groundball, 4D, EV 114.4 MPH)
|
Batting: LHB Francisco Rodríguez
|
0-0: Ball 1-0: SINGLE (Groundball, 4D, EV 107.5 MPH) Alexander Mullins to second
|
Batting: RHB Ed Henderson
|
0-0: Ball 1-0: Foul Ball, location: 2F 1-1: Ball 2-1: Foul Ball, location: 2F 2-2: Grounds into double play, U3-6 (Groundball, 3L, EV 101.2 MPH) Alexander Mullins to third
|
Batting: LHB Eugene Burris
|
0-0: Called Strike 0-1: Foul Ball, location: 2F 0-2: Strikes out swinging
|
Bottom of the 7th over - 0 runs, 2 hits, 0 errors, 1 left on base; Nuevo Mexico 2 - Arizona 2 |
TOP OF THE 8TH |
Nuevo Mexico Mariachis batting - Pitching for Arizona Javelina : RHP Quentin Gamble
|
Pitching: RHP Bartold Nuijs
|
|
Batting: SHB Germán Salazar
|
0-0: Called Strike 0-1: Ground out 4-3 (Groundball, 4M, EV 109.4 MPH)
|
Batting: RHB Bryan Jacobs
|
0-0: Ball 1-0: Ball 2-0: Ball 3-0: Base on Balls
|
Batting: LHB Elton Archer
|
0-0: Ball 1-0: Ball 2-0: Ball 3-0: Base on Balls Bryan Jacobs to second
|
Batting: SHB Carlos Paz
|
0-0: Foul Ball, location: 2F 0-1: Called Strike 0-2: Ball 1-2: Ball 2-2: Foul Ball, location: 2F 2-2: Foul Ball, location: 2F 2-2: Ball 3-2: Foul Ball, location: 2F 3-2: Base on Balls Bryan Jacobs to third Elton Archer to second
|
Batting: SHB Monty Crawford
|
0-0: Ball 1-0: Called Strike 1-1: Grounds into fielders choice 6-2 (Groundball, 6, EV 90.6 MPH) Elton Archer to third Carlos Paz to second
|
Batting: LHB Nick Allen
|
0-0: Fly out, F7 (Flyball, 78S, EV 79.4 MPH)
|
Top of the 8th over - 0 runs, 0 hits, 0 errors, 3 left on base; Nuevo Mexico 2 - Arizona 2 |
BOTTOM OF THE 8TH |
Arizona Javelina batting - Pitching for Nuevo Mexico Mariachis : RHP Cameron Davies
|
Batting: RHB Ramón Lemus
|
0-0: Called Strike 0-1: Ball 1-1: Foul Ball, location: 2F 1-2: Ball 2-2: Ball 3-2: Fly out, F8 (Line Drive, 8RM, EV 88.1 MPH)
|
Pinch Hitting: SHB Leonard Allen
|
0-0: Ball 1-0: Called Strike 1-1: Called Strike 1-2: Ball 2-2: Strikes out looking
|
Pinch Hitting: LHB Yoshitaka Ogasahara
|
0-0: Swinging Strike 0-1: Ball 1-1: Called Strike 1-2: Strikes out swinging
|
Bottom of the 8th over - 0 runs, 0 hits, 0 errors, 0 left on base; Nuevo Mexico 2 - Arizona 2 |
TOP OF THE 9TH |
Nuevo Mexico Mariachis batting - Pitching for Arizona Javelina : RHP Bartold Nuijs
|
Now at 2B: Daniel Gordon
|
|
Now in CF: Al Joseph
|
|
Batting: SHB Rubén Cervantes
|
0-0: Ball 1-0: Ball 2-0: Ball 3-0: Swinging Strike 3-1: Swinging Strike 3-2: Foul Ball, location: 2F 3-2: Foul Ball, location: 2F 3-2: Strikes out swinging
|
Batting: RHB Clifton Roberson
|
0-0: Ball 1-0: Foul Ball, location: 2F 1-1: Fly out, F8 (Flyball, 8RM, EV 80.6 MPH)
|
Batting: SHB Dan Edwards
|
0-0: Foul Ball, location: 2F 0-1: Called Strike 0-2: Foul Ball, location: 2F 0-2: Ball 1-2: Ball 2-2: Strikes out swinging
|
Top of the 9th over - 0 runs, 0 hits, 0 errors, 0 left on base; Nuevo Mexico 2 - Arizona 2 |
BOTTOM OF THE 9TH |
Arizona Javelina batting - Pitching for Nuevo Mexico Mariachis : RHP Cameron Davies
|
Batting: RHB Spencer Fisher
|
0-0: Ball 1-0: Fly out, F4 (Popup, 4D, EV 61.9 MPH)
|
Batting: SHB Waylon Meade
|
0-0: Called Strike 0-1: Ball 1-1: Ball 2-1: Swinging Strike 2-2: Ball 3-2: Foul Ball, location: 2F 3-2: Strikes out looking
|
Batting: LHB Alexander Mullins
|
0-0: Called Strike 0-1: Ball 1-1: Called Strike 1-2: Ball 2-2: Foul Ball, location: 2F 2-2: Foul Ball, location: 2F 2-2: Ball 3-2: SOLO HOME RUN (Flyball, 9D, EV 98.1 MPH), Distance : 390 ft
|
Bottom of the 9th over - 1 run, 1 hit, 0 errors, 0 left on base; Nuevo Mexico 2 - Arizona 3 |
|